 Dungeon Crawl Stone Soup version 0.16.0-17-g811c1d7 (webtiles) character file.

1380 serseaman the Blocker (level 8, -2/73 HPs)
             Began as a Deep Dwarf Fighter on Mar 20, 2015.
             Slain by a sky beast (4 damage)
             ... on level 7 of the Dungeon.
             The game lasted 00:28:25 (4164 turns).

serseaman the Blocker (Deep Dwarf Fighter)          Turns: 4164, Time: 00:28:26

Health: -2/73      AC: 15    Str: 23    XL:     8   Next: 39%
Magic:  0/9        EV:  6    Int:  8    God:
Gold:   148        SH: 12    Dex: 12    Spells: 0 memorised, 7 levels left

rFire  . . .     SeeInvis .     K - +0 flail (venom)
rCold  . . .     Clarity  .     l - +0 plate armour
rNeg   . . .     SustAb   .     c - +1 shield
rPois  .         Gourm    .     m - +0 helmet
rElec  .         Spirit   +     (no cloak)
rCorr  .         Warding  .     y - +0 pair of gloves
rMut   .         Stasis   .     (no boots)
MR     ++...                    B - amulet of guardian spirit
Stlth  ..........               (no ring)
                                E - ring of protection from magic

@: non-regenerating, very resistant to hostile enchantments, extremely
unstealthy
A: damage resistance, recharge devices, sense surroundings 1, slow healing 3
a: Device Recharging


You were on level 7 of the Dungeon.
You were not hungry.

You visited 1 branch of the dungeon, and saw 7 of its levels.

You collected 245 gold pieces.
You spent 97 gold pieces at shops.

Inventory:

Hand weapons
 a - a +0 long sword
 h - a +1 short sword of venom
 i - a +0 war axe
 o - a +0 long sword
 p - a +0 scythe
 t - a +0 hand crossbow
 u - a +0 flail
 C - a +0 shortbow
 D - a +2 hand axe of flaming
 H - a +0 rapier
 K - a +0 flail of venom (weapon)
Missiles
 z - a throwing net (quivered)
Armour
 b - a +0 scale mail
 c - a +1 shield (worn)
 l - a +0 plate armour (worn)
 m - a +0 helmet (worn)
 y - a +0 pair of gloves (worn)
Jewellery
 B - an amulet of guardian spirit (around neck)
 E - a ring of protection from magic (left hand)
Magical devices
 d - a wand of heal wounds (1)
 g - a wand of frost (18)
 j - a wand of confusion (1)
 r - a wand of polymorph (11)
Scrolls
 F - 2 scrolls of blinking
 G - a scroll of teleportation
Potions
 e - 3 potions of might
 k - 3 potions of brilliance
 n - a potion of poison {unknown}
 s - a potion of heal wounds {unknown}
 v - a potion of lignification {unknown}
 x - a potion of agility {unknown}
 A - a potion of restore abilities {unknown}
 I - a potion of haste {unknown}
 J - a potion of experience {unknown}
Books
 w - a book of Spatial Translocations

   Spells                             Type                      Level
   a - Apportation                    Translocation                1
   b - Blink                          Translocation                2
   c - Shroud of Golubria             Charms/Translocation         2
   d - Portal Projectile              Translocation                3
   e - Teleport Other                 Translocation                3
   f - Passage of Golubria            Translocation                4
Comestibles
 f - 4 bread rations
 q - 7 fruits


   Skills:
 + Level 4.4 Fighting
 + Level 1.0(1.8) Short Blades
 + Level 2.4(2.6) Long Blades
 + Level 2.9 Axes
 + Level 5.9 Armour
 + Level 3.3 Dodging
 + Level 0.6 Stealth
 + Level 8.0 Shields
 + Level 1.3 Evocations


You had 7 spell levels left.
You didn't know any spells.

Dungeon Overview and Level Annotations

Branches:
Dungeon (7/15)
 Temple: D:4-7

Altars:
Trog

Shops:
D:4 %   D:7 =


Innate Abilities, Weirdness & Mutations

You are resistant to damage.
You can recharge devices by infusing magical energy.
You passively map a small area around you.
You do not heal naturally.


Message History

* * * LOW HITPOINT WARNING * * *
The sky beast shocks you.
* * * LOW HITPOINT WARNING * * *
You hit the hobgoblin but do no damage.
The hobgoblin looks even sicker.
The hobgoblin is moderately wounded.
You kill the hobgoblin!
The sky beast flickers out of sight!
Deactivating autopickup; reactivate with Ctrl-A.
Something hits you but does no damage.
You miss something.
A sky beast appears from thin air!
Reactivating autopickup.
You block the sky beast's attack.
The sky beast flickers out of sight!
Deactivating autopickup; reactivate with Ctrl-A.
Something hits you. Something shocks you.
* * * LOW HITPOINT WARNING * * *
You hit something but do no damage. Something hits you. Something shocks you.
* * * LOW HITPOINT WARNING * * *
You miss something. Something hits you but does no damage.
You miss something. Something hits you. Something shocks you.
You die...

* * , # #. .#
#.#####.###
#.........
#.#.#.#.# *
#.......#,* ,
######..@....#.#
,
........{......#
######(#.##.####
* * #.#.# .# ,
#.#$##.# * *
#......# *
##...###
##.....##
##.......##


There were no monsters in sight!

Vanquished Creatures
  The ghost of wojtek the Slicer, an average KoAs (D:4)
  Edmund (D:7)
  An orc warrior (D:6)
  A phantom (D:5)
  2 centaurs (D:5)
  Sigmund (D:2)
  Duvessa (D:7)
  A giant frog (D:6)
  The ghost of ZiggyStardust the Chucker, an average VSWr (D:3)
  A scorpion (D:7)
  A crimson imp (D:5)
  Dowan (D:7)
  3 hounds (D:5)
  A worker ant (D:5)
  Terence (D:2)
  A hound zombie (D:5)
  Robin (D:2)
  2 adders
  3 worms
  An adder zombie (D:5)
  4 giant geckos
  12 orcs
  5 giant cockroaches
  16 goblins
  11 hobgoblins
  10 jackals
  2 ball pythons
  12 bats
  5 giant newts
  6 kobolds
  2 quokkas (D:2)
  2 quokka zombies (D:5)
  8 rats
121 creatures vanquished.

Vanquished Creatures (others)
  A sky beast (D:5)
  A butterfly (D:3)
2 creatures vanquished.

Grand Total: 123 creatures vanquished

Notes
Turn   | Place    | Note
--------------------------------------------------------------
     0 | D:1      | serseaman, the Deep Dwarf Fighter, began the quest for the Orb.
     0 | D:1      | Reached XP level 1. HP: 20/20 MP: 1/1
   279 | D:1      | Reached XP level 2. HP: 25/27 MP: 2/2
  1214 | D:2      | Noticed Robin
  1219 | D:2      | Reached skill level 4 in Shields
  1219 | D:2      | Reached XP level 3. HP: 22/33 MP: 3/3
  1232 | D:2      | Killed Robin
  1272 | D:2      | Noticed Terence
  1314 | D:2      | Killed Terence
  1314 | D:2      | Reached skill level 1 in Dodging
  1442 | D:2      | Reached XP level 4. HP: 32/40 MP: 4/4
  1576 | D:2      | Noticed Sigmund
  1588 | D:2      | Killed Sigmund
  1588 | D:2      | Reached XP level 5. HP: 33/49 MP: 5/5
  1922 | D:3      | Reached skill level 5 in Shields
  2125 | D:3      | Noticed ZiggyStardust's ghost (average VSWr)
  2145 | D:3      | Killed ZiggyStardust's ghost
  2548 | D:4      | Found Thrauv's Food Shop.
  2575 | D:4      | Bought 5 fruits for 97 gold pieces
  3167 | D:4      | Noticed wojtek's ghost (average KoAs)
  3191 | D:4      | Killed wojtek's ghost
  3191 | D:4      | Reached skill level 1 in Short Blades
  3191 | D:4      | Reached XP level 6. HP: 27/56 MP: 6/6
  3286 | D:5      | Entered Level 5 of the Dungeon
  3338 | D:5      | Reached skill level 1 in Axes
  3338 | D:5      | Reached skill level 5 in Armour
  3338 | D:5      | Reached skill level 6 in Shields
  3338 | D:5      | Reached XP level 7. HP: 36/63 MP: 7/7
  3449 | D:5      | Found a bloodstained altar of Trog.
  3494 | D:5      | Reached skill level 1 in Evocations
  3848 | D:6      | Reached skill level 7 in Shields
  3848 | D:6      | Reached XP level 8. HP: 20/72 MP: 0/9
  4045 | D:6      | You fall through a shaft!
  4045 | D:7      | Found Jull's Jewellery Shoppe.
  4045 | D:7      | Noticed Dowan
  4051 | D:7      | Noticed Duvessa
  4055 | D:7      | Killed Dowan
  4067 | D:7      | Killed Duvessa
  4118 | D:7      | Noticed Edmund
  4124 | D:7      | Killed Edmund
  4124 | D:7      | Reached skill level 8 in Shields
  4162 | D:7      | HP: 2/73 [something (5)]
  4164 | D:7      | Slain by a sky beast

Action                   |  1- 3 |  4- 6 |  7- 9 || total
-------------------------+-------+-------+-------++-------
Melee: Long sword        |   104 |    26 |       ||   130
       Short sword       |    21 |    67 |       ||    88
       War axe           |       |    48 |    37 ||    85
       Hand axe          |       |       |   100 ||   100
       Flail             |       |       |    19 ||    19
Evoke: Wand              |     1 |     1 |     2 ||     4
  Use: Scroll            |       |    10 |     1 ||    11
  Eat: Meat ration       |     1 |       |     1 ||     2
       Bread ration      |       |     1 |       ||     1
